 Dungeon Crawl Stone Soup version 0.31-a0-1-g4198be8af4 (webtiles) character file.

Game seed: 6553274905525606764

13902 BlueFish the Covert (level 12, -14/80 HPs)
             Began as an Octopode Fighter on Apr 28, 2023.
             Demolished by a meliai
             ... wielding a +0 war axe
              (19 damage)
             ... on level 10 of the Dungeon on May 1, 2023.
             The game lasted 00:36:03 (13470 turns).

BlueFish the Covert (Octopode Fighter)             Turns: 13470, Time: 00:36:04

Health: -14/80     AC:  1    Str: 15 (19) XL:     12   Next: 10%
Magic:  10/28      EV: 20    Int:  9 (10) God:
Gold:   735        SH:  6    Dex: 14 (16) Spells: 12/20 levels left

rFire   . . .        a - +8 dagger of False Hope {pain, rPois Will+ Dex+3 Stlth+}
rCold   . . .        i - +1 buckler
rNeg    . . .        (helmet restricted)
rPois   +            R - amulet of regeneration
rElec   .            A - ring of magical power
rCorr   .            G - +5 ring of evasion
SInv    .            (no ring)
Will    +....        (no ring)
Stlth   +++++++      (no ring)
HPRegen 1.13/turn    (no ring)
MPRegen 0.21/turn    (no ring)
                     (no ring)

%: no passive effects
@: lethally poisoned (-14 -> -14)
A: almost no armour, amphibious, 8 rings, camouflage 1, gelatinous body 1,
(nimble swimmer 1), tentacles, deterioration 1, wild magic 1
a: no special abilities


You were on level 10 of the Dungeon.
You visited 1 branch of the dungeon, and saw 10 of its levels.
You also visited: Sewer and Bailey.

You collected 735 gold pieces.

Inventory:

Hand Weapons
 a - the +8 dagger of False Hope (weapon) {pain, rPois Will+ Dex+3 Stlth+}
   (You found it on level 8 of the Dungeon)

   Dex:       It affects your dexterity (+3).
   rPois:     It protects you from poison.
   Will:      It increases your willpower.
   Stlth:     It makes you more stealthy.
 b - the +3 sling of Honour {antimagic, rF+++ rN+ Will++}
   (You found it on level 2 of the Dungeon)

   rF:        It renders you almost immune to fire.
   rN:        It protects you from negative energy.
   Will:      It greatly increases your willpower.
 l - a +0 rapier of flaming
 F - a +1 dagger of venom
 J - a +2 dagger of venom
 L - a +1 whip of holy wrath
 T - a +4 flail of freezing
Missiles
 f - 84 stones (quivered)
 q - 20 poisoned darts
 K - a throwing net
 M - 25 boomerangs
Armour
 i - a +1 buckler (worn)
Jewellery
 y - an amulet of the acrobat
 A - a ring of magical power (left tentacle)
 C - a ring of ice
 G - a +5 ring of evasion (right tentacle)
 Q - an amulet of magic regeneration
 R - an amulet of regeneration (around mantle)
 U - a ring of protection from cold
Wands
 h - a wand of flame (21)
 n - a wand of digging (2)
 V - a wand of quicksilver (3)
Scrolls
 d - 3 scrolls of fear
 e - 7 scrolls of teleportation
 j - a scroll of noise {unknown}
 k - a scroll of silence
 m - 2 scrolls of poison
 p - 2 scrolls of blinking {unknown}
 r - 2 scrolls of immolation
 t - 9 scrolls of magic mapping
 u - 2 scrolls of enchant armour
 B - a scroll of amnesia {unknown}
 D - 2 scrolls of vulnerability {unknown}
 E - 2 scrolls of brand weapon
 I - 2 scrolls of fog
 O - a scroll of enchant weapon
 P - a scroll of acquirement {unknown}
 S - a scroll of torment {unknown}
 W - a scroll of identify
Potions
 c - 3 potions of might
 g - 2 potions of cancellation
 o - 4 potions of curing
 s - 3 potions of brilliance
 v - 3 potions of haste
 w - 2 potions of heal wounds
 x - a potion of berserk rage
 z - a potion of resistance
 H - 5 potions of flight
 N - a potion of invisibility


   Skills:
 + Level 6.3 Fighting
 - Level 3.9 Short Blades
 + Level 3.9 Maces & Flails
 + Level 5.3 Throwing
 + Level 6.3 Dodging
 * Level 11.9 Stealth
 + Level 6.3 Shields
 + Level 4.9 Spellcasting
 + Level 5.1 Hexes
 + Level 4.9 Translocations
 * Level 7.1 Transmutations
 + Level 5.3 Evocations


You had 12 spell levels left.
You knew the following spells:

 Your Spells              Type           Power      Damage    Failure   Level
a - Blade Hands           Tmut           9%         N/A       52%         5
b - Portal Projectile     Hex/Tloc       28%        N/A       17%         3

Your spell library contained the following spells:

 Spells                   Type           Power      Damage    Failure   Level
 Apportation              Tloc           28%        N/A       7%          1
 Confusing Touch          Hex            14%        N/A       17%         3
 Tukima's Dance           Hex            14%        N/A       17%         3
 Kiss of Death            Conj/Necr      8%         2d6       41%         1
 Magic Dart               Conj           8%         1d3       41%         1
 Necrotise                Necr           8%         1d4       41%         1
 Shock                    Conj/Air       8%         1d3       41%         1
 Summon Small Mammal      Summ           8%         N/A       41%         1
 Inner Flame              Hex/Fire       8%         N/A       41%         3
 Call Imp                 Summ           4%         N/A       52%         2
 Mephitic Cloud           Conj/Pois/Air  2%         N/A       75%         3
 Swiftness                Air            2%         N/A       75%         3
 Airstrike                Air            1%         2d(1-17)  98%         4
 Dispel Undead            Necr           2%         3d7       98%         4
 Flame Wave               Conj/Fire      2%         2d4       98%         4
 Sticky Flame             Conj/Fire      2%         2d3       98%         4


Dungeon Overview and Level Annotations

Branches:
Dungeon (10/15)            Temple (0/1) D:6             Orc (0/2) D:9
  Sewer (visited)          Bailey (visited)
   Lair: D:8-11

Altars:
Ashenzari
Cheibriados
Elyvilon
Fedhas
Gozag
Hepliaklqana
Nemelex Xobeh
Okawaru
Qazlal
Ru
Uskayaw
Vehumet

Shops:
D:4 :   D:9 ?

Annotations:
D:5 2 transporters, cheesebisquit's ghost, novice DrFE
D:8 exclusion: steam dragon


Innate Abilities, Weirdness & Mutations

You cannot wear most types of armour.
You are amphibious.
You can wear up to eight rings at the same time.
Your skin changes colour to match your surroundings (Stealth+).
Your rubbery body absorbs attacks. (AC +1, EV +1)
((You are camouflaged when in or above water. (Stealth+)))
You have tentacles for arms and can constrict up to eight enemies at once.
Your body sometimes deteriorates upon taking damage.
Your spells are a little harder to cast, but a little more powerful.


Message History

A slime creature, 2 cyclopes and a yaktaur come into view.
You block the meliai's attack. x2
The meliai attacks as you move away! The meliai completely misses you.
The meliai misses you. The meliai hits you with a +0 war axe!!
The meliai stings you!
You are poisoned.
The meliai poisons you!
The slime creature quivers.
You hear a shout!
You shoot a sling bullet.
The sling bullet closely misses the meliai.
You feel very sick.
You hear a shout! x3
The meliai misses you. You block the meliai's attack. The meliai misses you.
You block the meliai's attack.
You shoot a sling bullet.
The sling bullet closely misses the meliai.
You feel sick. You block the meliai's attack. x2
The meliai completely misses you. The meliai barely misses you.
The meliai hits you with a +0 war axe!
Your body deteriorates!
You feel dopey. The meliai completely misses you.
You feel magic returning to you.
You feel agile.
You have a feeling of ineptitude.
a - the +8 dagger of False Hope (weapon)
{pain, rPois Will+ Dex+3 Stlth+} You feel sick.
The meliai closely misses you. x2
You hit the meliai. Your grab misses the meliai.
The meliai is moderately wounded.
You feel sick. The meliai hits you with a +0 war axe!
* * * LOW HITPOINT WARNING * * *
The meliai misses you. The meliai hits you with a +0 war axe!
* * * LOW HITPOINT WARNING * * *
The meliai completely misses you.
You feel much better.
You feel sick.
The meliai calls down the wrath of its god upon you.
Something smites you!
* * * LOW HITPOINT WARNING * * *
The meliai hits you with a +0 war axe!!
You die...

#.### #...#
###.........###≈ #...##
#...#J# ###.....#.####
###..# ##..#C# ###...#.....
##.#####..#.. .###......#
#........#C# #.. ###....#
###.###..#.# #.#.# ###...
#.# #..#.# #.##.# ###.
#>###..#.C####.# #.# #..##
#......#.Jy@..## #.# #..
#.....)#######.###.# #..#.
#........### ##.##.#
#..###.
#..........#####.#.#.....##
#........#...####...#
#..............##...#
##.......#.......###..#
#.......#.....#...####
#...................###


You could see a slime creature, a cyclops and a meliai.

Vanquished Creatures
  An orc warlord (Bailey)
  A two-headed ogre (D:8)
  An orc knight (Bailey)
  A gargoyle (D:10)
  A kobold demonologist (D:9)
  A hornet (D:10)
  Grinder (D:6)
  A wyvern (D:10)
  16 yaks
  4 vampire mosquitoes
  Edmund (D:5)
  An acid dragon (D:9)
  Duvessa (D:5)
  6 orc warriors
  An ice beast (D:5)
  2 sky beasts
  An ogre (D:5)
  A centaur (D:5)
  2 kobold brigands
  2 gnoll sergeants
  2 scorpions
  10 wights
  Dowan (D:5)
  9 killer bees
  8 howler monkeys
  3 hounds
  2 jellies
  10 orc priests
  A gnoll bouda (D:9)
  An iron imp (D:4)
  2 sleepcaps (D:5)
  Ijyb (D:5)
  Jessica (D:2)
  3 iguanas
  8 orc wizards
  Robin (D:2)
  11 adders
  14 gnolls
  5 river rats
  A shadow imp (D:7)
  An ufetubus (D:4)
  8 worms
  7 dart slugs
  30 orcs
  13 ball pythons
  12 endoplasms
  6 giant cockroaches
  25 goblins
  7 hobgoblins
  2 jackals (Sewer)
  3 quokkas
  11 bats
  24 kobolds
  11 rats
300 creatures vanquished.

Notes
Turn   | Place    | Note
-------+----------+-------------------------------------------
     0 | D:1      | BlueFish the Octopode Fighter began the quest for the Orb.
     0 | D:1      | Reached XP level 1. HP: 16/16 MP: 1/1
    54 | D:1      | Reached skill level 1 in Stealth
   108 | D:1      | Reached XP level 2. HP: 21/21 MP: 2/2
   786 | D:2      | Noticed Robin
   864 | D:2      | Reached XP level 3. HP: 26/26 MP: 3/3
   870 | D:2      | Identified the +3 sling of Honour {antimagic, rF+++ rN+
                  | Will++}
   985 | D:2      | Reached skill level 2 in Stealth
  1289 | D:2      | Killed Robin
  1290 | D:2      | Reached XP level 4. HP: 28/31 MP: 2/5
  1384 | D:2      | Noticed Jessica
  1392 | D:2      | Killed Jessica
  1393 | D:2      | Reached skill level 1 in Throwing
  1393 | D:2      | Reached skill level 1 in Spellcasting
  1468 | D:2      | Reached skill level 3 in Stealth
  2067 | D:3      | Found a hide-covered altar of Uskayaw.
  2177 | D:3      | Reached XP level 5. HP: 36/36 MP: 2/6
  2659 | D:4      | Found Qokur's Book Shop.
  2800 | D:4      | Found a snail-covered altar of Cheibriados.
  2808 | D:4      | Reached skill level 4 in Stealth
  2808 | D:4      | Reached XP level 6. HP: 42/42 MP: 2/8
  3364 | D:5      | Entered Level 5 of the Dungeon
  3447 | D:5      | Noticed a sky beast
  3456 | D:5      | Killed a sky beast
  3457 | D:5      | Reached skill level 5 in Stealth
  3457 | D:5      | Reached XP level 7. HP: 16/47 MP: 9/9
  3631 | D:5      | Found a transporter.
  3677 | D:5      | Learned a level 5 spell: Blade Hands
  3681 | D:5      | Learned a level 3 spell: Portal Projectile
  3685 | D:5      | Noticed Ijyb
  4122 | D:5      | Reached skill level 1 in Transmutations
  4324 | D:5      | Found a transporter.
  4326 | D:5      | Noticed cheesebisquit's ghost (novice DrFE)
  4357 | D:5      | Noticed Duvessa
  4358 | D:5      | Noticed Dowan
  4367 | D:5      | Killed Duvessa
  4368 | D:5      | Reached skill level 6 in Stealth
  4368 | D:5      | Reached XP level 8. HP: 32/54 MP: 7/11
  4374 | D:5      | Killed Dowan
  4375 | D:5      | Reached skill level 1 in Hexes
  4375 | D:5      | Reached skill level 1 in Translocations
  4375 | D:5      | Reached skill level 1 in Evocations
  4480 | D:5      | Noticed Edmund
  4653 | D:5      | Killed Ijyb
  5281 | D:5      | Killed Edmund
  5609 | D:6      | Found an opulent altar of Gozag.
  5681 | D:6      | Found a staircase to the Ecumenical Temple.
  5951 | D:6      | Found a stormy altar of Qazlal.
  5975 | D:6      | Noticed Grinder
  6028 | D:6      | Reached skill level 7 in Stealth
  6217 | D:6      | Found a glowing drain.
  6222 | Sewer    | Entered a sewer
  6556 | Sewer    | Reached XP level 9. HP: 38/59 MP: 8/13
  6813 | D:6      | Gained mutation: You are occasionally teleported next to
                  | monsters. [potion of mutation]
  6813 | D:6      | Gained mutation: You have an increased reservoir of magic.
                  | (+10% MP) [potion of mutation]
  6814 | D:6      | Lost mutation: You are occasionally teleported next to
                  | monsters. [potion of mutation]
  6814 | D:6      | Lost mutation: You have an increased reservoir of magic.
                  | (+10% MP) [potion of mutation]
  6814 | D:6      | Gained mutation: Your body sometimes deteriorates upon
                  | taking damage. [potion of mutation]
  6814 | D:6      | Gained mutation: Your spells are a little harder to cast,
                  | but a little more powerful. [potion of mutation]
  6960 | D:6      | Found a hazy altar of Hepliaklqana.
  6962 | D:6      | Found a blossoming altar of Fedhas.
  7079 | D:6      | Killed Grinder
  7727 | D:7      | Found a radiant altar of Vehumet.
  8200 | D:7      | Found a broken altar of Ashenzari.
  8325 | D:8      | Found an iron altar of Okawaru.
  8335 | D:8      | Found a flagged portal.
  8356 | Bailey   | Entered a bailey
  8629 | Bailey   | Noticed an orc warlord
  8676 | Bailey   | Noticed an orc knight
  8677 | Bailey   | Reached skill level 8 in Stealth
  9019 | Bailey   | Killed an orc knight
  9020 | Bailey   | Reached skill level 1 in Maces & Flails
  9020 | Bailey   | Reached skill level 5 in Dodging
  9211 | Bailey   | Reached skill level 5 in Shields
  9383 | Bailey   | Found a runed translucent gate.
  9384 | Bailey   | Found a runed translucent gate.
  9385 | Bailey   | Found a runed translucent gate.
  9600 | Bailey   | Killed an orc warlord
  9601 | Bailey   | Reached skill level 5 in Fighting
  9601 | Bailey   | Reached skill level 9 in Stealth
  9601 | Bailey   | Reached XP level 10. HP: 36/66 MP: 8/15
  9737 | Bailey   | Reached skill level 10 in Stealth
  9737 | Bailey   | Reached XP level 11. HP: 72/72 MP: 8/17
  9822 | D:8      | Reached skill level 11 in Stealth
 10217 | D:8      | Found a sparkling altar of Nemelex Xobeh.
 10433 | D:8      | Identified the +8 dagger of False Hope {pain, rPois Will+
                  | Dex+3 Stlth+}
 10712 | D:9      | Found Raantow's Magic Scroll Emporium.
 11188 | D:9      | Found a white marble altar of Elyvilon.
 11275 | D:9      | Noticed a two-headed ogre
 11400 | D:9      | Found a staircase to the Orcish Mines.
 11735 | D:8      | Reached skill level 5 in Throwing
 11885 | D:8      | Killed a two-headed ogre
 11963 | D:9      | Reached skill level 5 in Evocations
 12145 | D:9      | Found a sacrificial altar of Ru.
 12391 | D:10     | Entered Level 10 of the Dungeon
 12629 | D:10     | Reached skill level 5 in Hexes
 12878 | D:10     | Upgraded the game from 0.30-a0-1163-gf69bf04e7a to
                  | 0.31-a0-1-g4198be8af4
 12908 | D:10     | Noticed a sea snake
 12969 | D:10     | Noticed a sea snake
 13065 | D:10     | Reached XP level 12. HP: 63/79 MP: 12/19
 13469 | D:10     | HP: 4/80 [meliai/+0 war axe (15)]
 13470 | D:10     | Demolished by a meliai

Illustrated notes

Levels and vault maps discovered:
D:1:      dpeg_arrival_another_circle, layout_basic
D:2:      layout_basic, uniq_jessica, uniq_robin
D:3:      layout_rooms, mainiacjoe_overflow_small_starburst, minmay_unequal
D:4:      minmay_evil_eye, layout_cave_pools, slow_altar_2, serial_shops,
          shop_fountains, minmay_cut_off
D:5:      layout_rooms, serial_corexii_hall, corexii_hall_statues_s,
          corexii_hall_statues_u, corexii_hall_statues_l,
          chequers_hall_statues_wall_a, gammafunk_ghost_mausoleum,
          glass_columns_a, uniq_duvessa, uniq_ijyb, uniq_edmund
D:6:      layout_basic, nicolae_overflow_hidden_temple,
          nicolae_qazlal_beasts_of_the_sky, minmay_temple_entry_slanted,
          portal_sewer_entry_e, uniq_grinder
D:7:      layout_basic, marbit_many_paths, vehumet_crystals
D:8:      layout_gridville, mainiacjoe_overflow_concentric_impassable,
          nemelex_xobeh_ov_fountains_minmay, enter_bailey_5, grunt_ministairs_7
D:9:      layout_loops_ring, kennysheep_mini_moat, mainiacjoe_overflow_alcove_1,
          orc_0_dummy, serial_shops, shop
D:10:     minmay_the_grid_triangle_9x9_rhombus_thin_mashed
          [minmay_the_grid_triangle_9x9_minimal,
          minmay_the_grid_triangle_9x9_prize_top_heavy,
          minmay_the_grid_triangle_9x9_tough_junction,
          minmay_the_grid_triangle_9x9_flanged_cone], layout_rooms,
          serial_aquarium, aquarium_bridge_square [aquarium_subvault_wall,
          aquarium_subvault_wall, aquarium_subvault_bridge,
          aquarium_subvault_window], aquarium_bridge_square
          [aquarium_subvault_wall, aquarium_subvault_bridge,
          aquarium_subvault_bridge, aquarium_subvault_window],
          aquarium_window_fake, aquarium_window_2, aquarium_window_2,
          aquarium_window_corner, aquarium_view_2b, aquarium_view_2b

Skill      XL: |  1  2  3  4  5  6  7  8  9 10 11 |
---------------+----------------------------------+-----
Stealth        | 1 2 3 4 5 6 7 9 10 11 | 11.9
Throwing       | 1 2 3 4 5 |  5.3
Spellcasting   | 1 2 3 4 |  4.9
Short Blades   | 3 |  3.9
Dodging        | 4 5 6 |  6.3
Fighting       | 4 5 6 |  6.3
Shields        | 4 5 6 |  6.3
Transmutations | 1 2 4 6 7 |  7.1
Hexes          | 2 3 4 5 |  5.1
Translocations | 1 3 4 |  4.9
Evocations     | 2 3 4 5 |  5.3
Maces & Flails | 1 3 |  3.9

Action                     |  1- 3 |  4- 6 |  7- 9 | 10-12 || total
---------------------------+-------+-------+-------+-------++-------
  Melee: Rapier            |    34 |     2 |       |       ||    36
         Constrict         |     8 |    20 |    60 |    49 ||   137
         Tentacles         |     5 |    20 |    88 |    87 ||   200
         Dagger            |       |    67 |   180 |   306 ||   553
         Punch             |       |     1 |     3 |     8 ||    12
         Flail             |       |       |    71 |    23 ||    94
         Whip              |       |       |       |    17 ||    17
   Fire: Sling             |    29 |    96 |   234 |   111 ||   470
  Throw: Dart              |       |       |    32 |     8 ||    40
  Evoke: Wand              |       |       |    15 |       ||    15
    Use: Scroll            |       |     5 |    11 |     4 ||    20
         Potion            |       |     1 |     3 |     2 ||     6
   Stab: Sleeping          |    11 |     1 |     8 |     2 ||    22
 Armour: Skin              |     2 |     3 |     8 |     4 ||    17
  Dodge: Dodged            |    13 |    37 |   180 |   218 ||   448
  Block: Buckler           |     4 |     8 |    67 |    81 ||   160

Table legend: (Time is in decaauts)
 A = Elapsed time spent in this place.
 B = Non-inter-level travel time spent in this place.
 C = Inter-level travel time spent in this place.
 D = Time resting spent in this place.
 E = Time spent auto-exploring this place.
 F = Levels seen in this place.
 G = Mean time per level.
                   A        B        C        D        E       F      G
               +--------+--------+--------+--------+--------+-----+--------+
         Total |  13496 |  12856 |    640 |    843 |   8716 |  12 | 1124.7 |
       Dungeon |  11468 |  10828 |    640 |    834 |   7388 |  10 | 1146.8 |
         Sewer |    582 |    582 |      0 |      0 |    410 |   1 |  582.0 |
        Bailey |   1445 |   1445 |      0 |      8 |    918 |   1 | 1445.0 |
               +--------+--------+--------+--------+--------+-----+--------+

Top non-repeatable levels by time:
     D:5: 1823 daAuts
     D:9: 1571 daAuts
  Bailey: 1445 daAuts
     D:8: 1327 daAuts
     D:2: 1225 daAuts
     D:6: 1221 daAuts
     D:4: 1045 daAuts
     D:7: 919 daAuts
     D:1: 853 daAuts
    D:10: 846 daAuts
     D:3: 634 daAuts
   Sewer: 582 daAuts
